 Dungeon Crawl Stone Soup version 0.26-a0-812-g31a745ddcd (webtiles) character file.

Game seed: 11852864781044538765

1265 MalarOregon the Magician (level 8, -1/57 HPs)
             Began as a Green Draconian Hedge Wizard on Dec 2, 2020.
             Was an Initiate of Gozag.
             Killed from afar by Maggie (30 damage)
             ... with a bolt of fire
             ... on level 6 of the Dungeon on Dec 3, 2020.
             The game lasted 00:28:58 (11251 turns).

MalarOregon the Magician (DrWz)                    Turns: 11251, Time: 00:28:58

Health: -1/57      AC:  8    Str: 12    XL:     8   Next: 27%
Magic:  25/25      EV: 13    Int: 16    God:    Gozag
Gold:   536        SH:  0    Dex: 18    Spells: 10/18 levels left

rFire    . . .     SeeInvis .   A - +1 falchion (vorpal)
rCold    . . .     Faith    .   (no shield)
rNeg     . . .     Spirit   .   (armour unavailable)
rPois    +         Reflect  .   b - +0 hat
rElec    .         Harm     .   i - +0 cloak
rCorr    .         Rampage  .   C - +0 pair of gloves
MR       .....                  (no boots)
Stlth    ++........             (no amulet)
HPRegen  0.19/turn              y - ring of magical power
MPRegen  0.19/turn              z - +6 ring of dexterity

@: drained
A: breathe noxious fumes, unfitting armour, poison resistance, cold-blooded, AC
+6
a: Breathe Noxious Fumes, Potion Petition, Call Merchant, Bribe Branch, Renounce
Religion


You were on level 6 of the Dungeon.
You worshipped Gozag.
Gozag was pleased with you.
You visited 2 branches of the dungeon, and saw 7 of its levels.
You also visited: Ossuary.

You collected 673 gold pieces.
You paid 137 gold pieces to Gozag.

Inventory:

Hand Weapons
 n - a +2 war axe of flaming
   (You took it off an orc on level 4 of the Dungeon)
 A - a +1 vorpal falchion (weapon)
   (You found it on level 5 of the Dungeon)
Missiles
 s - 47 poisoned darts (quivered)
Armour
 b - a +0 hat (worn)
 i - a +0 cloak (worn)
   (You found it on level 1 of the Dungeon)
 C - a +0 pair of gloves (worn)
   (You found it on level 6 of the Dungeon)
Jewellery
 f - a +4 ring of protection
   (You found it on level 1 of the Dungeon)
 y - a ring of magical power (left hand)
   (You found it on level 4 of the Dungeon)
 z - a +6 ring of dexterity (right hand)
   (You took it off an orc wizard on level 4 of the Dungeon)
Wands
 d - a wand of iceblast (8)
   (You took it off a centaur on level 5 of the Dungeon)
Scrolls
 g - 4 scrolls of teleportation {@r4}
 k - a scroll of noise {!r}
 m - a scroll of remove curse {@r2}
 r - 2 scrolls of magic mapping
 v - a scroll of summoning {unknown}
 w - 2 scrolls of identify {@r1}
 x - a scroll of enchant weapon {unknown}
Potions
 a - 4 potions of lignification {!q}
 c - a potion of invisibility
 e - a potion of degeneration {!q}
 h - a potion of resistance
 j - a potion of magic
 l - 4 potions of curing {@q1}
 o - 2 potions of haste {@q3}
 p - 4 potions of heal wounds {@q2}
 q - 5 potions of brilliance
 t - 3 potions of might
 u - a potion of flight
 B - 2 potions of mutation {!q}


   Skills:
 + Level 2.5(1.9) Dodging
 - Level 1.7(1.1) Stealth
 + Level 5.6(4.9) Spellcasting
 - Level 5.0(4.3) Conjurations
 + Level 5.4(4.7) Summonings
 - Level 2.0(1.3) Translocations
 + Level 1.7(1.1) Air Magic
 + Level 2.2(1.6) Poison Magic


You had 10 spell levels left.
You knew the following spells:

 Your Spells              Type           Power        Failure   Level
a - Magic Dart            Conj           ###.         2%          1
b - Blink                 Tloc           N/A          13%         2
f - Mephitic Cloud        Conj/Pois/Air  ##......     17%         3
x - Call Imp              Summ           ###.....     3%          2

Your spell library contained the following spells:

 Spells                   Type           Power        Failure   Level
 Freeze                   Ice            #...         16%         1
 Conjure Flame            Conj/Fire      ##......     19%         3
 Slow                     Hex            #.......     24%         2
 Frozen Ramparts          Ice            #.....       43%         3
 Ozocubu's Armour         Ice            #.......     43%         3
 Summon Ice Beast         Ice/Summ       ##......     50%         4
 Hailstorm                Conj/Ice       ##......     54%         4


Dungeon Overview and Level Annotations

Branches:
Dungeon (6/15)             Temple (1/1) D:5         Ossuary (visited)

Altars:
Cheibriados
Dithmenos
Elyvilon
Fedhas
Gozag
Hepliaklqana
Makhleb
Nemelex Xobeh
Qazlal
Ru
Sif Muna
Trog
Uskayaw
Vehumet
Wu Jian
Xom
Yredelemnul
Zin
The Shining One

Shops:
D:5 (

Annotations:
D:3 1 runed translucent door, emiel's ghost, amateur NaWn
D:6 Maggie


Innate Abilities, Weirdness & Mutations

You can breathe blasts of noxious fumes.
Your lurid green scales are hard. (AC +6)
You cannot fit into any form of body armour.
Your system is resistant to poisons. (rPois)
You are cold-blooded and may be slowed by cold attacks.


Message History

Okay, then.
Okay, then.
As you read the scroll of identify {@r1}, it crumbles to dust.
u - a potion of flight
As you read the scroll of identify {@r1}, it crumbles to dust.
a - a potion of degeneration;
e - a potion of degeneration
a - 4 potions of lignification {!q}
As you read the scroll labelled JOTZEC HIESM, it crumbles to dust.
You hear a loud clanging noise!
It was a scroll of noise.
You hear an angry hiss.
Aim: Maggie, wielding a +0 morningstar of pain and wearing +0 steam dragon scales
Okay, then.
Aim: Maggie, wielding a +0 morningstar of pain and wearing +0 steam dragon scales You exhale a blast of noxious fumes.
The blast of choking fumes misses Maggie.
Maggie is engulfed in noxious fumes.
You hit Maggie but do no damage.
Maggie is engulfed in noxious fumes.
Maggie hits you with a +0 morningstar of pain!
You barely miss Maggie. You tail-slap Maggie.
Maggie is engulfed in noxious fumes.
Maggie closely misses you.
You hit Maggie but do no damage.
Maggie is engulfed in noxious fumes.
Maggie mumbles some strange words.
Maggie attempts to bespell you! You resist with some effort.
Maggie is engulfed in noxious fumes.
Maggie appears confused.
Maggie misses you.
You hit Maggie. You tail-slap Maggie. Maggie barely misses you.
You hit Maggie.
Your tail-slap misses Maggie.
Maggie barely misses you.
You catch the helpless Maggie completely off-guard!
You hit Maggie. You tail-slap Maggie, but do no damage.
Maggie closely misses you.
You catch the helpless Maggie completely off-guard!
You hit Maggie but do no damage.
Maggie hits you with a +0 morningstar of pain!
You hit Maggie but do no damage. You tail-slap Maggie, but do no damage.
Maggie hits you with a +0 morningstar of pain!
You catch the helpless Maggie completely off-guard!
You hit Maggie.
You have got your breath back.
Maggie seems less confused.
Maggie hits you with a +0 morningstar of pain.
You writhe in agony.
* * * LOW HITPOINT WARNING * * *
Maggie points at you and mumbles some strange words.
The bolt of fire misses you.
Maggie points at you and mumbles some strange words.
The bolt of fire hits you!!
Ouch! That really hurt!
You die...
Your body crumbles into a pile of gold.

.......## #.###
#.....## #...#
##...## ...
.....# ...
###..# #.# #
#..# #@# ###..#
#.# .#...##
#######.#
#.....#
##......@#
##...##
#.###.####
##..####.# #.#
#........###.#
#.########...##
.# ##### ##


You could see Maggie.

Vanquished Creatures
  2 sky beasts
  A phantom (D:4)
  A centaur (D:5)
  2 wights (D:6)
  A hound (D:6)
  2 jellies
  An orc priest (D:3)
  A gnoll shaman (D:3)
  3 orc wizards
  3 worker ants
  A hound zombie (D:5)
  2 mummies (Ossuary)
  A howler monkey zombie (D:6)
  2 gnolls
  9 adders
  2 shadow imps
  3 white imps
  An ooze (D:1)
  A worm (D:2)
  2 dart slugs
  4 leopard geckos
  7 orcs
  7 bats
  5 giant cockroaches
  A gnoll zombie (Ossuary)
  4 goblins
  10 hobgoblins
  4 jackals
  10 kobolds
  A ball python skeleton (D:2)
  A hobgoblin zombie (Ossuary)
  5 rats
100 creatures vanquished.

Vanquished Creatures (collateral kills)
  An ogre (D:4)
  A centaur (D:5)
  2 wights (D:6)
  2 orc priests (D:3)
  6 mummies (Ossuary)
  5 gnolls
  An adder (D:2)
  5 worms
  2 orcs (D:4)
  A gnoll zombie (Ossuary)
  3 jackals (D:2)
  A quokka (D:2)
  3 hobgoblin zombies (Ossuary)
  2 orc zombies (Ossuary)
  2 rats
  A butterfly (D:5)
38 creatures vanquished.

Grand Total: 138 creatures vanquished

Notes
Turn   | Place    | Note
-------+----------+-------------------------------------------
     0 | D:1      | MalarOregon the Draconian Hedge Wizard began the quest for
                  | the Orb.
     0 | D:1      | Reached XP level 1. HP: 14/14 MP: 4/4
   290 | D:1      | Reached XP level 2. HP: 20/20 MP: 3/6
   294 | D:1      | Learned a level 2 spell: Call Imp
  1116 | D:1      | Reached XP level 3. HP: 26/26 MP: 3/7
  1383 | D:2      | Learned a level 2 spell: Blink
  1585 | D:2      | Found a burning altar of Makhleb.
  2219 | D:2      | Reached XP level 4. HP: 33/33 MP: 4/9
  2746 | D:2      | Found a glowing golden altar of the Shining One.
  2855 | D:2      | Found an ornate altar of the Wu Jian Council.
  3733 | D:3      | Found a runed translucent door.
  3733 | D:3      | Noticed emiel's ghost (amateur NaWn)
  4241 | D:3      | Reached XP level 5. HP: 29/38 MP: 7/10
  4527 | D:3      | HP: 1/38 [orc priest/divine providence (10)]
  4911 | D:3      | Learned a level 3 spell: Mephitic Cloud
  5152 | D:3      | Noticed a sky beast
  5200 | D:3      | Killed a sky beast
  5200 | D:3      | Reached XP level 6. HP: 32/45 MP: 10/12
  5639 | D:3      | Found a runed translucent door.
  6345 | D:4      | Found a sand-covered staircase.
  6354 | Ossuary  | Entered an ossuary
  7648 | D:4      | Reached skill level 5 in Summonings
  7648 | D:4      | Your scales start taking on a lurid green colour.
  7648 | D:4      | Reached XP level 7. HP: 29/50 MP: 5/13
  7648 | D:4      | Gained mutation: Your system is resistant to poisons.
                  | (rPois) [Green Draconian growth]
  8062 | D:4      | Found a shadowy altar of Dithmenos.
  8192 | D:5      | Entered Level 5 of the Dungeon
  8400 | D:5      | Found a staircase to the Ecumenical Temple.
  8410 | Temple   | Entered the Ecumenical Temple
  8433 | Temple   | Became a worshipper of Gozag Ym Sagoz the Greedy
  8863 | D:5      | Reached skill level 5 in Spellcasting
  9567 | D:5      | Found Sucsehem's Weapon Boutique.
  9799 | D:5      | Reached skill level 1 in Poison Magic
  9905 | D:5      | Reached XP level 8. HP: 53/57 MP: 16/16
 10176 | D:6      | Reached skill level 1 in Air Magic
 10520 | D:6      | Reached skill level 5 in Conjurations
 11232 | D:6      | Noticed Maggie
 11251 | D:6      | Killed from afar by Maggie

Illustrated notes

Levels and vault maps discovered:
D:1:      saegor_arrival_simple_d, layout_loops_ring
D:2:      layout_basic, nicolae_overflow_hidden_temple, lemuel_crystal_altar,
          nicolae_tso_carved_into_rock
D:3:      layout_basic, hellmonk_ghost_happy_afterlife,
          nicolae_underground_beach
D:4:      cheibrodos_quashed, layout_loops_ring, kennysheep_mini,
          nicolae_ossuary_entry_monument
D:5:      layout_basic, minmay_temple_entry_butterflies, serial_shops,
          nicolae_shop_trees
D:6:      layout_loops_corners, serial_rivers, chequers_serial_rivers_small_b,
          chequers_serial_rivers_micro_d, chequers_serial_rivers_micro_d,
          chequers_serial_rivers_micro_d, uniq_maggie
Temple:   regret_index_temple_waves

Skill      XL: |  1  2  3  4  5  6  7  8 |
---------------+-------------------------+-----
Conjurations   | 2 3 4 5 |  5.0
Summonings     | 2 3 4 5 |  5.4
Translocations | 2 |  2.0
Spellcasting   | 4 5 |  5.6
Dodging        | 2 |  2.5
Poison Magic   | 1 2 |  2.2
Air Magic      | 1 |  1.7
Stealth        | |  1.7

Action                   |  1- 3 |  4- 6 |  7- 9 || total
-------------------------+-------+-------+-------++-------
Melee: Dagger            |    62 |    23 |       ||    85
       Tailslap          |     4 |    11 |    17 ||    32
       Falchion          |       |    71 |    57 ||   128
       Short sword       |       |     9 |       ||     9
       Hand axe          |       |    10 |       ||    10
       War axe           |       |       |    50 ||    50
Throw: Dart              |       |    24 |     4 ||    28
 Cast: Magic Dart        |    95 |   109 |    52 ||   256
       Call Imp          |     3 |    56 |    24 ||    83
 Abil: Breathe Noxious F |       |       |     2 ||     2
  Use: Scroll            |       |    14 |     4 ||    18
 Stab: Sleeping          |     2 |       |     2 ||     4
       Distracted        |       |     1 |     1 ||     2
       Confused          |       |       |     3 ||     3
Armor: Skin              |    26 |    43 |    40 ||   109
Dodge: Dodged            |    56 |    71 |    86 ||   213
       Rpst.: Falchion   |       |    13 |    10 ||    23

Table legend: (Time is in decaauts)
 A = Elapsed time spent in this place.
 B = Non-inter-level travel time spent in this place.
 C = Inter-level travel time spent in this place.
 D = Time resting spent in this place.
 E = Time spent auto-exploring this place.
 F = Levels seen in this place.
 G = Mean time per level.
                   A        B        C        D        E       F      G
               +--------+--------+--------+--------+--------+-----+--------+
         Total |  11325 |  10931 |    394 |   2644 |   6620 |   8 | 1415.6 |
       Dungeon |  10356 |   9977 |    379 |   2354 |   6214 |   6 | 1726.0 |
        Temple |    105 |     90 |     15 |      0 |     81 |   1 |  105.0 |
       Ossuary |    863 |    863 |      0 |    290 |    324 |   1 |  863.0 |
               +--------+--------+--------+--------+--------+-----+--------+

Top non-repeatable levels by time:
     D:3: 2538 daAuts
     D:2: 2415 daAuts
     D:5: 1790 daAuts
     D:1: 1378 daAuts
     D:6: 1209 daAuts
     D:4: 1024 daAuts
 Ossuary: 863 daAuts
  Temple: 105 daAuts
